 Dungeon Crawl Stone Soup version 0.24.0-123-gd5b16e6ec5 (webtiles) character file.

Game seed: 2852948140189777386, levelgen mode: deterministic

84748 hazymike the Warrior (level 15, 0/105 HPs)
             Began as a Gargoyle Conjurer on Feb 10, 2020.
             Was the Champion of Dithmenos.
             Slain by a seven-headed hydra (16 damage)
             ... on level 14 of the Dungeon on Feb 11, 2020.
             The game lasted 06:10:03 (48457 turns).

hazymike the Warrior (Gargoyle Conjurer)           Turns: 48457, Time: 06:10:03

Health: 0/105      AC:  0    Str: 12    XL:     15   Next: 81%
Magic:  7/24       EV: 19    Int: 22    God:    Dithmenos [******]
Gold:   754        SH:  0    Dex: 10    Spells: 0/26 levels left

rFire    . . .     SeeInvis .   (weapon currently unavailable)
rCold    . . .     Gourm    .   (shield currently unavailable)
rNeg     + . .     Faith    .   (armour currently unavailable)
rPois    ∞         Spirit   .   (helmet currently unavailable)
rElec    .         Reflect  .   (cloak currently unavailable)
rCorr    .         Harm     .   (gloves currently unavailable)
MR       +....                  (boots currently unavailable)
Stlth    +++.......             (no amulet)
HPRegen  0.27/turn              (ring currently unavailable)
MPRegen  0.19/turn              (ring currently unavailable)

@: pig-form, slowed, wreathed by umbra
A: small, blink, negative energy resistance 1, petrification resistance, rot
immunity, AC +11
a: Blink, Shadow Step, Shadow Form, Renounce Religion


You were on level 14 of the Dungeon.
You worshipped Dithmenos.
Dithmenos was exalted by your worship.
You were near starving.
You were a filthy swine.
You visited 4 branches of the dungeon, and saw 23 of its levels.

You collected 2795 gold pieces.
You spent 2041 gold pieces at shops.

Inventory:

Hand Weapons
 a - the +8 long sword "Tepuan" {flame, rPois MR+ Str-3 Int+2}
   (You took it off a crimson imp on level 14 of the Dungeon)

   It has been specially enchanted to burn those struck by it, causing extra
   injury to most foes and up to half again as much damage against particularly
   susceptible opponents.
   Big, fiery blades are also staple armaments of hydra-hunters.
   It affects your strength (-3).
   It affects your intelligence (+2).
   It protects you from poison.
   It affects your resistance to hostile enchantments.
 b - the +5 hand axe of the Volcano (melded) {freeze, rPois rF+++ rC++ Str-4}
   (You found it on level 4 of the Dungeon)

   It has been specially enchanted to freeze those struck by it, causing extra
   injury to most foes and up to half again as much damage against particularly
   susceptible opponents.
   It can also slow down cold-blooded creatures.
   It affects your strength (-4).
   It renders you almost immune to fire.
   It greatly protects you from cold.
   It protects you from poison.
Missiles
 e - 73 poisoned darts (quivered)
 M - 15 curare-tipped darts
 R - 612 arrows
 V - 3 throwing nets
Armour
 j - the +0 robe "Zumelab" {rC+ Dex+4, unknown}
   (You bought it in a shop on level 2 of the Orcish Mines)

   It affects your dexterity (+4).
   It protects you from cold.
 p - a +1 buckler of positive energy (melded)
 s - a +0 ring mail of magic resistance
 u - a +2 pair of gloves of archery (melded)
 y - a +0 pair of boots (melded)
 F - a +1 cloak (melded)
 L - the +2 robe of Dijaeh {Int+9, unknown}
   (You bought it in a shop on level 1 of the Orcish Mines)

   It affects your intelligence (+9).
 U - a +2 robe of cold resistance (melded)
Magical Staves
 N - an uncursed staff of poison {unknown}
Jewellery
 g - an uncursed ring of positive energy
 w - a +2 ring of evasion (melded)
 z - an uncursed ring of resist corrosion
 A - a ring of protection from magic (melded)
Wands
 f - a wand of digging (6)
 q - a wand of acid (11)
 t - a wand of enslavement (12)
 B - a wand of flame (13)
 O - a wand of iceblast (7)
 P - a wand of paralysis (10)
 Q - a wand of random effects (23)
 Z - a wand of disintegration (35)
Scrolls
 n - 6 scrolls of blinking
 r - 9 scrolls of teleportation
 D - 9 scrolls of remove curse
 E - a scroll of enchant armour {unknown}
 H - 2 scrolls of brand weapon
 I - 4 scrolls of immolation
 J - 4 scrolls of fog
 S - a scroll of fear
Potions
 d - 10 potions of heal wounds
 h - 2 potions of might
 k - a potion of invisibility
 l - 7 potions of berserk rage
 m - a potion of haste
 o - 6 potions of ambrosia
 v - 2 potions of agility
 x - 7 potions of curing
 C - a potion of brilliance
 G - 2 potions of cancellation
 T - 6 potions of lignification
 Y - 2 potions of magic
Comestibles
 i - 41 rations


   Skills:
 + Level 16.3 Fighting
 + Level 9.7 Dodging
 - Level 3.0 Stealth
 + Level 5.2 Shields
 + Level 6.3 Spellcasting
 + Level 13.2 Conjurations
 + Level 7.2 Hexes
 - Level 3.0 Charms
 - Level 3.0 Transmutations
 + Level 1.9 Fire Magic
 - Level 4.0 Ice Magic
 + Level 1.4 Air Magic
 + Level 1.9 Poison Magic
 - Level 10.0 Invocations


You couldn't memorise any spells.
You knew the following spells:

 Your Spells              Type           Power        Failure   Level  Hunger
a - Magic Dart            Conj           ####         1%          1    None
b - Searing Ray           Conj           ######       1%          2    None
c - Iskenderun's Mystic   Conj           ######..     1%          4    ###....
d - Fulminant Prism       Conj/Hex       ######....   1%          4    ###....
e - Sticks to Snakes      Tmut           ###.....     3%          2    None
f - Ozocubu's Armour      Chrm/Ice       ###.....     6%          3    #......
g - Ensorcelled Hibernat  Hex/Ice        ####..       1%          2    None
h - Conjure Flame         Conj/Fire      #####...     1%          3    #......
i - Slow                  Hex            #####...     1%          2    None
j - Mephitic Cloud        Conj/Pois/Air  ####....     2%          3    #......

Your spell library contained the following spells:

 Spells                   Type           Power        Failure   Level  Hunger
 Confusing Touch          Hex            #####.       1%          1    None
 Freeze                   Ice            ###.         1%          1    None
 Throw Frost              Conj/Ice       #####.       1%          2    None
 Confuse                  Hex            #####...     1%          3    #......
 Dazzling Spray           Conj/Hex       ######       1%          3    #......
 Beastly Appendage        Tmut           ###...       2%          1    None
 Throw Icicle             Conj/Ice       #####...     2%          4    ###....
 Force Lance              Conj/Tloc      #####...     6%          4    ###....
 Spider Form              Tmut/Pois      ###.......   10%         3    #......
 Blink                    Tloc           N/A          14%         2    None
 Call Imp                 Summ           #.......     14%         2    None
 Ice Form                 Ice/Tmut       ###.....     21%         4    ###....
 Metabolic Englaciation   Hex/Ice        ####......   24%         5    #####..
 Gell's Gravitas          Tloc           #.........   26%         3    #......
 Yara's Violent Unravell  Hex/Tmut       ####......   30%         5    #####..
 Summon Ice Beast         Ice/Summ       ###.....     36%         4    ###....
 Silence                  Hex/Air        ####......   38%         5    #####..
 Petrify                  Tmut/Erth      ##......     43%         4    ###....
 Blade Hands              Tmut           ###.......   56%         5    #####..
 Darkness                 Hex            #####.....   56%         6    ######.
 Borgnjor's Vile Clutch   Necr/Erth      #.........   94%         5    #####..
 Shadow Creatures         Summ           N/A          100%        6    ######.


Dungeon Overview and Level Annotations

Branches:
Dungeon (14/15)            Temple (1/1) D:4            Lair (6/6) D:8
  Swamp (0/4) Lair:3        Snake (0/4) Lair:3        Slime (0/5) Lair:5
    Orc (2/2) D:10            Elf (0/3) Orc:2        Vaults (0/5) D:14

Altars:
Ashenzari
Cheibriados
Dithmenos
Elyvilon
Fedhas
Gozag
Hepliaklqana
Kikubaaqudgha
Makhleb
Nemelex Xobeh
Okawaru
Qazlal
Ru
Sif Muna
Trog
Uskayaw
Vehumet
Wu Jian
Xom
Yredelemnul
Zin
The Shining One
Beogh

Shops:
D:6 ?}   D:14 }:*(   Orc:1 [   Orc:2 [[*:!

Annotations:
D:12 3 runed translucent doors, Suckerboh's ghost, journeyman TeAE
D:14 exclusions: cyclops, iguana and tengu conjurer, Kirke
Lair:5 3 runed translucent doors, MisterT's ghost, journeyman HOFi


Innate Abilities, Weirdness & Mutations

You are resistant to torment.
((Your stone body is resilient. (AC +11)))
You are immune to poison.
((Your large and strong wings let you fly indefinitely.))
You resist negative energy. (rN+)
((You are resistant to electric shocks. (rElec)))
((You can survive without breathing.))
You are immune to petrification.
You are immune to rotting.
((You have a pair of small horns on your head.))
You can translocate small distances at will.


Message History

The seven-headed hydra bites you!
The seven-headed hydra barely misses you.
The seven-headed hydra misses you.
The seven-headed hydra barely misses you.
The seven-headed hydra bites you!
You emit a cloud of dark smoke.
The seven-headed hydra closely misses you.
The seven-headed hydra bites you. The seven-headed hydra bites you!
The seven-headed hydra completely misses you.
The seven-headed hydra bites you. The seven-headed hydra misses you.
The seven-headed hydra bites you!
You see here a +0 shortbow.
The seven-headed hydra barely misses you.
The seven-headed hydra bites you!
The seven-headed hydra barely misses you.
The seven-headed hydra bites you!
* * * LOW HITPOINT WARNING * * *
The seven-headed hydra bites you.
* * * LOW HITPOINT WARNING * * *
The seven-headed hydra bites you!
You die...

## ############# #.
..........[.#### #.
...............######### #.
.............#...§§....# #.
...........##...§§§....# #.
..........#.#...h§§§...#########.
##......##.#...##D#..............
#.#....#.##.....§.#...#########..
.#.####.#.#....>..#..)#.......)[.
#.##..##.#........#...#.......#..
.##....##........(#...........#..
..................#...#....>.(##.
..................#...#........#.
.##....##.........#...#........#.


You could see a seven-headed hydra.

Vanquished Creatures
  A fire giant (D:14)
  Louise (D:14)
  Nessos (Orc:2)
  Fannar (D:10)
  A yaktaur captain (D:14)
  9 hydras
  Harold (D:10)
  2 ice dragons
  5 centaur warriors
  A catoblepas (Lair:1)
  Erica (D:9)
  A two-headed ogre (D:10)
  5 death yaks
  4 orc high priests
  Sonja (Lair:5)
  Urug (D:10)
  3 unseen horrors
  5 ugly things (D:14)
  5 cyclopes
  3 oklob plants
  4 orc sorcerers
  2 manticores (D:11)
  A moth of wrath (shapeshifter) (D:14)
  4 black mambas
  Psyche (D:12)
  2 centaur skeletons
  6 centaur zombies
  An ice statue (Lair:6)
  2 gargoyles (D:12)
  9 spiny frogs
  A torpor snail (Lair:5)
  2 yaktaurs (D:14)
  5 komodo dragons
  2 tengu conjurers (D:14)
  4 trolls
  7 polar bears
  Prince Ribbit (D:5)
  A queen bee (D:11)
  7 hornets
  23 blink frogs
  2 bog bodies (Lair:3)
  22 dream sheep
  8 hippogriffs
  3 shadows
  12 spriggans
  69 yaks
  3 wyverns
  Grum (D:10)
  4 hogs (D:14)
  2 basilisks
  6 vampire mosquitoes
  4 hungry ghosts
  Edmund (D:3)
  An acid dragon (D:11)
  2 wargs
  12 water moccasins
  8 porcupines
  11 ice beasts
  21 orc warriors
  5 sky beasts
  7 black bears
  A hornet zombie (D:10)
  5 phantoms
  An eye of draining (D:10)
  3 boggarts (Lair:6)
  8 ogres
  26 wolves
  13 centaurs
  9 crocodiles
  23 bullfrogs
  2 gnoll sergeants
  2 wyvern zombies (D:12)
  A water moccasin zombie (D:10)
  4 scorpions
  34 killer bees
  14 wights
  An electric eel (Lair:5)
  5 bullfrog zombies
  2 howler monkeys (D:11)
  8 crimson imps
  2 quasits
  7 hounds
  8 jellies
  33 orc priests
  3 iguanas
  28 orc wizards
  2 bullfrog skeletons
  Natasha (thrice) (D:3)
  13 worker ants
  6 hell rats (Lair:6)
  6 ogre zombies (D:10)
  A hound zombie (D:7)
  A hound skeleton (D:4)
  A howler monkey skeleton (D:8)
  9 adders
  9 gnolls
  A shadow imp (D:12)
  9 white imps
  5 oozes (D:8)
  An adder skeleton (D:7)
  2 worms
  5 dart slugs
  4 leopard geckos
  61 orcs
  5 giant cockroaches
  6 goblins
  5 hobgoblins
  4 jackals (D:5)
  5 quokkas
  2 ball pythons
  9 bats
  6 frilled lizards
  3 goblin skeletons (D:10)
  A goblin zombie (D:10)
  A hobgoblin skeleton (D:10)
  6 kobolds
  An orc skeleton (D:10)
  13 orc zombies (D:10)
  A quokka zombie (D:6)
  6 rats
  A bush (Lair:4)
  3 fungi
801 creatures vanquished.

Vanquished Creatures (collateral kills)
  3 orc priests (Orc:2)
  2 orc wizards (Orc:2)
  A gnoll (Orc:2)
  3 white imps (Orc:2)
  2 orcs (Orc:2)
11 creatures vanquished.

Vanquished Creatures (others)
  210 fulminant prisms
  20 fungi
  10 plants
240 creatures vanquished.

Grand Total: 1052 creatures vanquished

Notes
Turn   | Place    | Note
-------+----------+-------------------------------------------
     0 | D:1      | hazymike the Gargoyle Conjurer began the quest for the Orb.
     0 | D:1      | Reached XP level 1. HP: 10/10 MP: 3/3
   204 | D:1      | Reached XP level 2. HP: 16/16 MP: 0/5
   277 | D:1      | Learned a level 2 spell: Searing Ray
   534 | D:1      | Reached skill level 1 in Fighting
   883 | D:1      | Reached XP level 3. HP: 20/20 MP: 3/6
  1638 | D:2      | Reached XP level 4. HP: 26/26 MP: 3/7
  2063 | D:3      | Reached skill level 5 in Conjurations
  2072 | D:3      | Reached skill level 2 in Fighting
  2164 | D:3      | Learned a level 4 spell: Iskenderun's Mystic Blast
  2478 | D:3      | Noticed Natasha
  2483 | D:3      | Killed Natasha
  2843 | D:3      | Reached XP level 5. HP: 30/30 MP: 4/8
  2888 | D:3      | Found a shattered altar of Ashenzari.
  3176 | D:3      | Noticed Natasha
  3192 | D:3      | Killed Natasha
  3330 | D:3      | Noticed Natasha
  3347 | D:3      | Killed Natasha
  3499 | D:4      | Noticed Edmund
  3612 | D:4      | Reached skill level 3 in Fighting
  3923 | D:3      | Killed Edmund
  3923 | D:3      | Reached XP level 6. HP: 15/37 MP: 3/9
  4366 | D:4      | Got a faintly glowing hand axe
  4619 | D:4      | Found a staircase to the Ecumenical Temple.
  4629 | Temple   | Entered the Ecumenical Temple
  4820 | Temple   | Became a worshipper of Dithmenos the Shadowed
  4978 | D:5      | Entered Level 5 of the Dungeon
  5000 | D:5      | Identified the +5 hand axe of the Volcano {freeze, rPois
                  | rF+++ rC++ Str-4} (You found it on level 4 of the Dungeon)
  5035 | D:5      | Reached skill level 4 in Fighting
  5035 | D:5      | Reached XP level 7. HP: 43/43 MP: 5/10
  5080 | D:5      | Noticed Prince Ribbit
  5468 | D:5      | Reached skill level 1 in Invocations
  5742 | D:5      | Found a burning altar of Makhleb.
  5928 | D:5      | Killed Prince Ribbit
  5928 | D:5      | Reached XP level 8. HP: 18/48 MP: 0/11
  6561 | D:5      | Found an ancient bone altar of Kikubaaqudgha.
  6562 | D:5      | Found a stormy altar of Qazlal.
  6603 | D:5      | Reached skill level 5 in Fighting
  6686 | D:5      | Reached * piety under Dithmenos
  6818 | D:6      | Found an opulent altar of Gozag.
  6889 | D:6      | Found a radiant altar of Vehumet.
  7167 | D:6      | Found Beysm's Magic Scroll Boutique.
  7201 | D:6      | Learned a level 4 spell: Fulminant Prism
  7201 | D:6      | Bought a scroll of identify for 30 gold pieces
  7201 | D:6      | Bought a scroll of identify for 30 gold pieces
  7201 | D:6      | Bought a scroll of fog for 30 gold pieces
  7681 | D:6      | Reached skill level 1 in Hexes
  7719 | D:6      | Reached XP level 9. HP: 43/54 MP: 0/14
  7850 | D:6      | Found Uqiab's Gadget Shoppe.
  8943 | D:7      | Reached skill level 6 in Fighting
  8943 | D:7      | Reached skill level 5 in Dodging
 10413 | D:8      | Found a shimmering altar of Xom.
 10414 | D:8      | Found a shimmering altar of Xom.
 10414 | D:8      | Found a shimmering altar of Xom.
 10417 | D:8      | Found a shimmering altar of Xom.
 10477 | D:8      | Found a staircase to the Lair.
 10522 | D:8      | Reached skill level 1 in Shields
 10522 | D:8      | Reached skill level 5 in Invocations
 11573 | D:7      | Reached XP level 10. HP: 44/61 MP: 11/16
 11737 | D:8      | Reached skill level 7 in Fighting
 11810 | D:8      | Learned a level 2 spell: Sticks to Snakes
 12163 | D:8      | Reached ** piety under Dithmenos
 12789 | D:9      | Reached skill level 1 in Transmutations
 13850 | D:10     | Entered Level 10 of the Dungeon
 14036 | D:10     | Noticed Erica
 14418 | D:10     | Noticed Harold
 14663 | D:10     | Killed an unseen horror
 14663 | D:10     | Reached skill level 8 in Fighting
 14889 | D:10     | Reached *** piety under Dithmenos
 15075 | D:10     | Noticed Urug
 15493 | D:10     | Killed Urug
 15493 | D:10     | Reached XP level 11. HP: 52/69 MP: 0/17
 15637 | D:9      | Killed Erica
 16095 | D:10     | Noticed Grum
 16101 | D:10     | Reached skill level 9 in Fighting
 16446 | D:10     | Found a staircase to the Orcish Mines.
 16518 | D:10     | Reached **** piety under Dithmenos
 16784 | D:10     | Killed Grum
 17783 | D:10     | Noticed a two-headed ogre
 17824 | D:10     | Killed a two-headed ogre
 18024 | D:10     | Reached skill level 5 in Spellcasting
 18423 | D:10     | Killed Harold
 18423 | D:10     | Reached skill level 5 in Hexes
 18686 | D:10     | Found a staircase to the Orcish Mines.
 19838 | D:10     | Reached XP level 12. HP: 56/77 MP: 10/19
 20015 | D:11     | Reached skill level 10 in Fighting
 20990 | D:11     | Reached skill level 10 in Conjurations
 21458 | D:11     | Reached ***** piety under Dithmenos
 22431 | D:11     | Reached skill level 11 in Fighting
 22775 | Lair:1   | Entered Level 1 of the Lair of Beasts
 23374 | Lair:1   | Noticed a four-headed hydra
 23385 | Lair:1   | Killed a four-headed hydra
 24150 | Lair:1   | Reached skill level 12 in Fighting
 24605 | Lair:2   | Noticed an eight-headed hydra
 24734 | Lair:2   | Reached XP level 13. HP: 86/86 MP: 13/20
 25375 | Lair:1   | Learned a level 3 spell: Ozocubu's Armour
 25795 | Lair:2   | Reached skill level 1 in Charms
 25795 | Lair:2   | Reached skill level 1 in Ice Magic
 26091 | Lair:2   | Got a slimy war axe
 26092 | Lair:2   | Identified the +6 war axe of Innocence {venom, rF+ Str+4}
                  | (You found it on level 2 of the Lair of Beasts)
 26855 | Lair:3   | Reached skill level 13 in Fighting
 27661 | Lair:3   | Found a staircase to the Swamp.
 28467 | Lair:3   | Found a staircase to the Snake Pit.
 28568 | Lair:4   | Reached skill level 14 in Fighting
 29611 | Lair:4   | Reached skill level 15 in Fighting
 30367 | Lair:5   | Found a runed translucent gate.
 30367 | Lair:5   | Found a runed translucent gate.
 30367 | Lair:5   | Found a runed translucent gate.
 30483 | Lair:5   | Found a staircase to the Slime Pits.
 30794 | Lair:5   | Noticed Sonja
 30825 | Lair:5   | Killed Sonja
 30825 | Lair:5   | Gained mutation: Your large and strong wings let you fly
                  | indefinitely. [Gargoyle growth]
 30825 | Lair:5   | Reached XP level 14. HP: 98/98 MP: 13/21
 30929 | Lair:5   | Noticed MisterT's ghost (journeyman HOFi)
 31036 | Lair:6   | Entered Level 6 of the Lair of Beasts
 33736 | Lair:5   | Reached ****** piety under Dithmenos
 35491 | Lair:6   | Learned a level 2 spell: Ensorcelled Hibernation
 37917 | D:12     | Noticed Psyche
 37921 | D:12     | Killed Psyche
 38999 | D:12     | Reached XP level 15. HP: 101/104 MP: 1/23
 39243 | D:12     | Found a runed translucent gate.
 39245 | D:12     | Found a runed translucent gate.
 39245 | D:12     | Found a runed translucent gate.
 39321 | D:12     | Noticed Suckerboh's ghost (journeyman TeAE)
 39932 | Orc:1    | Entered Level 1 of the Orcish Mines
 39932 | Orc:1    | Noticed Fannar
 40043 | D:10     | Killed Fannar
 40182 | Orc:1    | Reached skill level 16 in Fighting
 40182 | Orc:1    | Reached skill level 10 in Invocations
 40516 | Orc:1    | Found Qiqoes's Antique Armour Emporium.
 40525 | Orc:1    | Bought a polished cloak for 332 gold pieces
 40525 | Orc:1    | Bought a bloodstained robe for 199 gold pieces
 40643 | Orc:2    | Entered Level 2 of the Orcish Mines
 40647 | Orc:2    | Noticed Nessos
 41216 | Orc:1    | Paralysed by an orc sorcerer for 2 turns
 41223 | Orc:1    | Gained mutation: Your spells are a little harder to cast,
                  | but a little more powerful. [a neqoxec]
 41226 | Orc:1    | Gained mutation: You are clumsy. (Dex -2) [a neqoxec]
 41480 | Lair:6   | Lost mutation: You are clumsy. (Dex -2) [potion of
                  | mutation]
 41480 | Lair:6   | Lost mutation: Your spells are a little harder to cast, but
                  | a little more powerful. [potion of mutation]
 41480 | Lair:6   | Gained mutation: You have a pair of small horns on your
                  | head. [potion of mutation]
 41480 | Lair:6   | Gained mutation: You can translocate small distances at
                  | will. [potion of mutation]
 42263 | Orc:2    | Found a staircase to the Elven Halls.
 42834 | Orc:2    | Killed Nessos
 43117 | Orc:2    | Found Ymaqaf's Armour Shoppe.
 43155 | Orc:2    | Found Gabed's Book Shop.
 43156 | Orc:2    | Found Gexue's Distillery.
 43157 | Orc:2    | Found Eddove's General Store.
 43160 | Orc:2    | Found Feneod's Antique Armour Boutique.
 43164 | Orc:2    | Bought a potion of heal wounds for 65 gold pieces
 43164 | Orc:2    | Bought a potion of heal wounds for 65 gold pieces
 43164 | Orc:2    | Bought a potion of heal wounds for 65 gold pieces
 43164 | Orc:2    | Bought a potion of heal wounds for 65 gold pieces
 43164 | Orc:2    | Bought a potion of agility for 52 gold pieces
 43164 | Orc:2    | Bought a potion of ambrosia for 104 gold pieces
 43164 | Orc:2    | Bought a potion of cancellation for 104 gold pieces
 43164 | Orc:2    | Bought a potion of lignification for 39 gold pieces
 43165 | Orc:2    | Bought a scroll of identify for 32 gold pieces
 43165 | Orc:2    | Bought a scroll of teleportation for 48 gold pieces
 43165 | Orc:2    | Identified the cursed +0 cloak of the Teacher {rPois Str+3
                  | Dex+3} (You bought it in a shop on level 1 of the Orcish
                  | Mines)
 43170 | Orc:2    | Bought a sheer robe for 136 gold pieces
 43170 | Orc:2    | Bought a runed buckler for 180 gold pieces
 43312 | Orc:2    | Found a roughly hewn altar of Beogh.
 43478 | Orc:1    | Found a shimmering altar of Xom.
 45523 | D:14     | Found Nuech's Gadget Shoppe.
 45630 | D:14     | Found Tuicu's Book Shop.
 45633 | D:14     | Bought a book of Minor Magic for 240 gold pieces
 45637 | D:14     | Learned a level 3 spell: Conjure Flame
 45640 | D:14     | Learned a level 2 spell: Slow
 45644 | D:14     | Learned a level 3 spell: Mephitic Cloud
 45804 | D:14     | Noticed a frost giant
 45805 | D:14     | Noticed a fire giant
 46616 | D:14     | Reached skill level 1 in Poison Magic
 47061 | D:14     | Noticed Louise
 47107 | D:14     | Found a gate to the Vaults.
 47121 | D:14     | Reached skill level 1 in Fire Magic
 47484 | D:14     | Identified the +8 long sword "Tepuan" {flame, rPois MR+
                  | Str-3 Int+2}
 47530 | D:14     | Killed Louise
 47530 | D:14     | Reached skill level 5 in Shields
 47530 | D:14     | Reached skill level 1 in Air Magic
 47711 | D:14     | Found Vacalueb's General Store.
 47724 | D:14     | Killed a fire giant
 48024 | D:14     | Bought a potion of heal wounds for 55 gold pieces
 48024 | D:14     | Bought a scroll of teleportation for 33 gold pieces
 48024 | D:14     | Bought a potion of berserk rage for 55 gold pieces
 48024 | D:14     | Bought a scroll of blinking for 82 gold pieces
 48065 | D:14     | Noticed Kirke
 48401 | D:14     | Found Kuepuewu's Antique Weapon Shop.
 48414 | D:14     | Noticed a sphinx
 48457 | D:14     | Slain by a seven-headed hydra

Levels and vault maps discovered:
D:1:      evilmike_arrival_hilbert_curve, layout_basic
D:2:      layout_rooms, chequers_serial_rivers_marsh, serial_bayou_ford_a,
          st_stairs_13, chequers_decorated_corner, minmay_domino_2
D:3:      layout_loops_cross, first_ration, serial_co_window_serial,
          co_window_corner_a, co_window_paths_b, co_window_paths_a,
          co_window_of_opportunity_a, co_window_of_opportunity_a,
          co_window_broadway_a, co_window_corner_cb, co_window_broadway_a,
          co_window_paths_e, co_window_paths_d, glass_columns_c,
          glass_columns_b, glass_columns_a, glass_columns_a, glass_columns_b,
          lemuel_statue_altar, uniq_natasha
D:4:      layout_cave_pools, temple_hall, uniq_edmund
D:5:      layout_loops_corners, makhleb_grotto_becter,
          nicolae_overflow_hidden_temple, uniq_prince_ribbit1
D:6:      layout_basic, vehumet_crystals, nicolae_gozag_seed_capital,
          serial_shops, shop, shop_statue
D:7:      layout_basic
D:8:      layout_basic, xom_redecorated, lair_entry_dummy,
          hangedman_little_slice_of_home
D:9:      layout_basic
D:10:     layout_stronghold, zombieorc1_lemuel, kennysheep_kite_vault,
          uniq_urug, uniq_harold, uniq_grum, uniq_erica
D:11:     layout_gridville, special_room [special_room_bee]
D:12:     layout_loops_ring, maelrawn_ghost_gauntlet_escape, uniq_psyche
D:13:     layout_basic, st_stairs_3
D:14:     cheibrodos_leafed_vault, layout_irregular_city, david_vaults_2,
          minmay_misc_feat_secret_circle, basic_altar, serial_shops, shop, shop,
          kennysheep_mini, nicolae_shop_crystal, uniq_kirke, uniq_louise
Temple:   eino_temple_rhombus
Lair:1:   layout_long_grid, minivault_27, grunt_megastairs_5
Lair:2:   layout_regular_city, minmay_lair_oklob_bushes, minivault_27,
          chequers_serial_rivers_micro_b, serial_bayou_shore_a,
          grunt_megastairs_2
Lair:3:   layout_cave_pods, skrybe_swamp_entry_bodies, dummy_snake_entry
Lair:4:   layout_big_grid
Lair:5:   layout_loops_ring, slime_dummy, gammafunk_ghost_icy,
          infiniplex_staircase_pool, uniq_sonja
Lair:6:   minmay_lair_end_enchanted_forest, layout_loops_ring, ice2_lemuel,
          minmay_lair_oklob_chamber, infiniplex_staircase_pool_2,
          serial_bayou_shore_b
Orc:1:    layout_caves, serial_shops,
          nicolae_shop_temple_entry_statues_fountains, basic_altar, uniq_fannar
Orc:2:    st_orc_mages, layout_caves, gauntlet_entry_generic,
          portal_ice_cave_entry_imps, serial_shops, shop_fountains,
          mines1_david, uniq_nessos

Skill      XL: |  1  2  3  4  5  6  7  8  9 10 11 12 13 14 15 |
---------------+----------------------------------------------+-----
Fighting       | 1 2 3 4 5 6 8 9 12 15 16 | 16.3
Dodging        | 2 3 4 5 6 7 8 9 |  9.7
Stealth        | 3 |  3.0
Conjurations   | 5 6 7 8 9 11 12 13 | 13.2
Invocations    | 2 3 5 7 8 9 10 | 10.0
Spellcasting   | 3 4 5 6 |  6.3
Hexes          | 1 3 4 5 6 7 |  7.2
Shields        | 2 4 5 |  5.2
Transmutations | 2 3 |  3.0
Charms         | 2 3 |  3.0
Ice Magic      | 2 4 |  4.0
Poison Magic   | 1 |  1.9
Fire Magic     | 1 |  1.9
Air Magic      | 1 |  1.4

Action                   |  1- 3 |  4- 6 |  7- 9 | 10-12 | 13-15 || total
-------------------------+-------+-------+-------+-------+-------++-------
Melee: Mace              |     1 |       |       |       |       ||     1
       Falchion          |       |       |    20 |     1 |    15 ||    36
       Great sword       |       |       |       |    54 |    22 ||    76
       Dire flail        |       |       |       |    70 |     8 ||    78
       Hand axe          |       |       |       |       |    27 ||    27
       Scimitar          |       |       |       |       |    13 ||    13
       Dagger            |       |       |       |       |     2 ||     2
       Headbutt          |       |       |       |       |     4 ||     4
       Unarmed           |       |       |       |       |     1 ||     1
Throw: Dart              |    26 |    14 |    43 |    52 |    25 ||   160
       Boomerang         |       |       |     7 |       |       ||     7
 Cast: Magic Dart        |    56 |    99 |   136 |   319 |   636 ||  1246
       Searing Ray       |     3 |    11 |    36 |   103 |   238 ||   391
       Iskenderun's Myst |       |       |    11 |     6 |    20 ||    37
       Fulminant Prism   |       |       |     2 |    60 |   148 ||   210
       Ozocubu's Armour  |       |       |       |       |    22 ||    22
       Ensorcelled Hiber |       |       |       |       |     3 ||     3
       Sticks to Snakes  |       |       |       |       |     9 ||     9
       Conjure Flame     |       |       |       |       |     4 ||     4
 Abil: Fly               |       |       |       |       |     1 ||     1
       Stop Flying       |       |       |       |       |     1 ||     1
Evoke: Wand              |       |       |       |       |     4 ||     4
  Use: Scroll            |       |     8 |     6 |     3 |    15 ||    32
       Potion            |       |       |       |     2 |     2 ||     4
 Stab: Sleeping          |       |       |     1 |       |     2 ||     3
  Eat: Chunk             |     3 |    12 |    17 |    38 |    63 ||   133
       Ration            |       |       |     3 |     5 |     9 ||    17
Armor: Robe              |     4 |    14 |    21 |   260 |   159 ||   458
       Leather armour    |       |       |    48 |    78 |       ||   126
       Steam dragon scal |       |       |       |     6 |   205 ||   211
       Skin              |       |       |       |     2 |       ||     2
       Ring mail         |       |       |       |       |    63 ||    63
Dodge: Dodged            |    11 |    38 |   159 |   447 |   768 ||  1423
Block: Buckler           |       |       |       |       |   135 ||   135
       Rpst.: Falchion   |       |     5 |    37 |     1 |     5 ||    48
       Great sword       |       |       |       |   104 |    63 ||   167
       Scimitar          |       |       |       |       |    39 ||    39
